 Dungeon Crawl Stone Soup version 0.26-a0-707-g31817bcca1 (webtiles) character file.

Game seed: 11849101449571465675

758 robertstho the Chiller (level 7, 0/51 HPs)
             Began as a Gnoll Ice Elementalist on Oct 26, 2020.
             Was an Initiate of Sif Muna.
             Slain by a sky beast (6 damage)
             ... while paralysed by Grinder
             ... on level 5 of the Dungeon.
             The game lasted 00:06:34 (3582 turns).

robertstho the Chiller (Gnoll Ice Elementalist)     Turns: 3582, Time: 00:06:35

Health: 0/51       AC:  4    Str: 17    XL:     7   Next: 80%
Magic:  10/15      EV:  2    Int: 19    God:    Sif Muna [......]
Gold:   181        SH:  0    Dex: 15    Spells: 10/17 levels left

rFire    . . .     SeeInvis +   b - +1 halberd (venom)
rCold    . . .     Faith    .   (shield currently unavailable)
rNeg     . . .     Spirit   .   a - +0 robe
rPois    .         Reflect  .   A - +0 helmet
rElec    .         Harm     .   (no cloak)
rCorr    .         Rampage  .   k - +0 pair of gloves (curse)
MR       .....                  (no boots)
Stlth    +++.......             (no amulet)
HPRegen  0.17/turn              c - +6 ring of strength
MPRegen  0.14/turn              F - ring of see invisible

@: paralysed, about to teleport
A: distributed training, fangs 1, strong nose
a: Renounce Religion


You were on level 5 of the Dungeon.
You worshipped Sif Muna.
Sif Muna was noncommittal.
You visited 2 branches of the dungeon, and saw 6 of its levels.

You collected 181 gold pieces.

Inventory:

Hand Weapons
 b - a +1 halberd of venom (weapon)
 f - a +0 dagger
 j - a +1 vampiric hand axe
 o - a +1 dagger of holy wrath
 y - a +2 falchion of holy wrath
Armour
 a - a +0 robe (worn)
 k - a cursed +0 pair of gloves (worn)
 A - a +0 helmet (worn)
Jewellery
 c - a +6 ring of strength (left hand)
 e - an uncursed amulet of faith
 i - an uncursed ring of fire
 q - an uncursed ring of protection from magic
 E - an uncursed ring of stealth
 F - a ring of see invisible (right hand)
Wands
 d - a wand of random effects (24)
 n - a wand of digging (4)
Scrolls
 p - 2 scrolls of teleportation
 s - a scroll of enchant armour
 t - a scroll of immolation {unknown}
 w - a scroll of amnesia {unknown}
 x - 2 scrolls of blinking {unknown}
 B - a scroll of remove curse {unknown}
 C - a scroll of random uselessness {unknown}
 D - a scroll of magic mapping {unknown}
Potions
 g - a potion of resistance {unknown}
 h - a potion of might {unknown}
 l - a potion of lignification {unknown}
 m - a potion of curing
 r - a potion of magic
 u - a potion of berserk rage
 v - a potion of brilliance
 z - a potion of flight


   Skills:
 + Level 2.7 Fighting
 + Level 2.7 Short Blades
 + Level 2.7 Long Blades
 + Level 2.7 Axes
 + Level 2.7 Maces & Flails
 + Level 2.7 Polearms
 + Level 2.7 Staves
 + Level 2.7 Slings
 + Level 2.7 Bows
 + Level 2.7 Crossbows
 + Level 2.7 Throwing
 + Level 2.7 Armour
 + Level 5.3 Dodging
 + Level 5.0 Stealth
 + Level 2.7 Shields
 + Level 2.7 Unarmed Combat
 + Level 5.7 Spellcasting
 + Level 2.2 Conjurations
 + Level 2.2 Hexes
 + Level 2.2 Summonings
 + Level 2.2 Necromancy
 + Level 2.2 Translocations
 + Level 2.2 Transmutations
 + Level 2.2 Fire Magic
 + Level 7.5 Ice Magic
 + Level 2.2 Air Magic
 + Level 2.2 Earth Magic
 + Level 2.2 Poison Magic
 + Level 3.0 Invocations
 + Level 2.7 Evocations


You had 10 spell levels left.
You knew the following spells:

 Your Spells              Type           Power        Failure   Level
a - Freeze                Ice            ####         1%          1
b - Frozen Ramparts       Ice            ####..       1%          3
c - Ozocubu's Armour      Ice            ####....     1%          3

Your spell library contained the following spells:

 Spells                   Type           Power        Failure   Level
 Hailstorm                Conj/Ice       ###.....     16%         4
 Summon Ice Beast         Ice/Summ       ###.....     16%         4


Dungeon Overview and Level Annotations

Branches:
Dungeon (5/15)             Temple (1/1) D:4

Altars:
Ashenzari
Dithmenos
Elyvilon
Fedhas
Gozag
Hepliaklqana
Kikubaaqudgha
Makhleb
Nemelex Xobeh
Okawaru
Qazlal
Ru
Sif Muna
Trog
Uskayaw
Vehumet
Wu Jian
Xom
Yredelemnul
Zin
The Shining One

Annotations:
D:5 Grinder


Innate Abilities, Weirdness & Mutations

Your experience applies equally to all skills.
You have very sharp teeth.
Your uncanny sense of smell can sniff out nearby items.


Message History

It was a potion of curing.
You feel better.
The sky beast hits you but does no damage.
Grinder zaps a wand.
The puff of flame hits you.
* * * LOW HITPOINT WARNING * * *
You feel better. The sky beast misses you. Grinder gestures at you.
Pain shoots through your body!
* * * LOW HITPOINT WARNING * * *
As you read the scroll of teleportation, it crumbles to dust.
You feel strangely unstable. The sky beast misses you. Grinder gestures at you.
You suddenly lose the ability to move!
The frozen ramparts melt away.
Grinder gestures at you. You resist with significant effort.
The sky beast hits you but does no damage.
The sky beast hits you.
* * * LOW HITPOINT WARNING * * *
The sky beast shocks you.
You die...

#.# #### ##.)# .
#####..#####...#
#.#####..[.[....<..#
....#..##.........#
.......##........##
#######.#...........#
.....≈....†#.5...)..#
...........Y@##.#####
.........#[####.#
..................
..................
..###..#........... ∆
>................
##..#..##..........
..###.. ....... ...
... .......


You could see Grinder and a sky beast.

Vanquished Creatures
  Eustachio (D:5)
  2 ogres
  A centaur (D:4)
  A howler monkey (D:5)
  An orc wizard (D:3)
  Jessica (D:2)
  Ijyb (D:3)
  4 gnolls (D:3)
  11 adders
  A white imp (D:4)
  An ufetubus (D:5)
  An adder zombie (D:3)
  3 worms
  2 dart slugs (D:2)
  4 leopard geckos
  4 orcs (D:3)
  2 giant cockroaches (D:1)
  7 goblins
  10 hobgoblins
  2 ball pythons
  8 bats
  9 frilled lizards
  9 kobolds
  6 rats
92 creatures vanquished.

Notes
Turn   | Place    | Note
-------+----------+-------------------------------------------
     0 | D:1      | robertstho the Gnoll Ice Elementalist began the quest for
                  | the Orb.
     0 | D:1      | Reached XP level 1. HP: 13/13 MP: 6/6
   152 | D:1      | Reached XP level 2. HP: 16/19 MP: 1/7
   725 | D:1      | Reached XP level 3. HP: 25/25 MP: 9/9
   953 | D:2      | Noticed Jessica
   966 | D:1      | Learned a level 3 spell: Frozen Ramparts
   970 | D:1      | Learned a level 3 spell: Ozocubu's Armour
   974 | D:2      | Reached skill level 5 in Spellcasting
   978 | D:2      | Killed Jessica
   978 | D:2      | Reached skill level 1 in Fighting
   978 | D:2      | Reached skill level 1 in Short Blades
   978 | D:2      | Reached skill level 1 in Long Blades
   978 | D:2      | Reached skill level 1 in Axes
   978 | D:2      | Reached skill level 1 in Maces & Flails
   978 | D:2      | Reached skill level 1 in Polearms
   978 | D:2      | Reached skill level 1 in Staves
   978 | D:2      | Reached skill level 1 in Slings
   978 | D:2      | Reached skill level 1 in Bows
   978 | D:2      | Reached skill level 1 in Crossbows
   978 | D:2      | Reached skill level 1 in Throwing
   978 | D:2      | Reached skill level 1 in Armour
   978 | D:2      | Reached skill level 1 in Shields
   978 | D:2      | Reached skill level 1 in Unarmed Combat
   978 | D:2      | Reached skill level 1 in Invocations
   978 | D:2      | Reached skill level 1 in Evocations
   978 | D:2      | Reached XP level 4. HP: 32/32 MP: 6/11
  1103 | D:2      | Found a hazy altar of Hepliaklqana.
  1103 | D:2      | Found a white marble altar of Elyvilon.
  1126 | D:2      | Reached skill level 1 in Conjurations
  1126 | D:2      | Reached skill level 1 in Hexes
  1126 | D:2      | Reached skill level 1 in Summonings
  1126 | D:2      | Reached skill level 1 in Necromancy
  1126 | D:2      | Reached skill level 1 in Translocations
  1126 | D:2      | Reached skill level 1 in Transmutations
  1126 | D:2      | Reached skill level 1 in Fire Magic
  1126 | D:2      | Reached skill level 1 in Air Magic
  1126 | D:2      | Reached skill level 1 in Earth Magic
  1126 | D:2      | Reached skill level 1 in Poison Magic
  1388 | D:2      | Reached XP level 5. HP: 32/37 MP: 4/12
  1622 | D:2      | Found a burning altar of Makhleb.
  1625 | D:2      | Found an ancient bone altar of Kikubaaqudgha.
  1626 | D:2      | Found a shadowy altar of Dithmenos.
  1627 | D:2      | Found a blossoming altar of Fedhas.
  1627 | D:2      | Found an opulent altar of Gozag.
  1627 | D:2      | Found a bloodstained altar of Trog.
  1630 | D:2      | Found a radiant altar of Vehumet.
  1631 | D:2      | Found an ornate altar of the Wu Jian Council.
  1911 | D:3      | Noticed Ijyb
  1925 | D:3      | Killed Ijyb
  1925 | D:3      | Reached XP level 6. HP: 20/44 MP: 9/13
  2717 | D:4      | Reached skill level 5 in Dodging
  2776 | D:4      | Found a staircase to the Ecumenical Temple.
  2808 | Temple   | Entered the Ecumenical Temple
  2994 | Temple   | Became a worshipper of Sif Muna the Loreminder
  3431 | D:4      | Reached XP level 7. HP: 50/50 MP: 11/15
  3490 | D:5      | Entered Level 5 of the Dungeon
  3535 | D:5      | Noticed Eustachio
  3551 | D:5      | Killed Eustachio
  3551 | D:5      | Reached skill level 5 in Stealth
  3570 | D:5      | Noticed Grinder
  3580 | D:5      | Paralysed by Grinder for 6 turns
  3582 | D:5      | Slain by a sky beast

Illustrated notes

Levels and vault maps discovered:
D:1:      nzn_arrival_settlement, layout_basic, corexii_leaking_fountain,
          chequers_serial_rivers_large_a, st_stairs_3
D:2:      layout_rooms, minitemple, gammafunk_temple_overflow_wave,
          minmay_tall_x, uniq_jessica
D:3:      layout_rooms, uniq_ijyb
D:4:      layout_basic, minmay_temple_entry_statues_fountains
D:5:      layout_rooms, cheibrodos_worm_habitat, serial_shops, kennysheep_mini,
          kennysheep_boxes, uniq_grinder, uniq_eustachio, uniq_blork_the_orc
Temple:   minmay_temple_curvy_loop

Skill      XL: |  1  2  3  4  5  6  7 |
---------------+----------------------+-----
Spellcasting   | 5 |  5.7
Fighting       | 1 2 |  2.7
Short Blades   | 1 2 |  2.7
Long Blades    | 1 2 |  2.7
Axes           | 1 2 |  2.7
Maces & Flails | 1 2 |  2.7
Polearms       | 1 2 |  2.7
Staves         | 1 2 |  2.7
Slings         | 1 2 |  2.7
Bows           | 1 2 |  2.7
Crossbows      | 1 2 |  2.7
Throwing       | 1 2 |  2.7
Armour         | 1 2 |  2.7
Shields        | 1 2 |  2.7
Unarmed Combat | 1 2 |  2.7
Invocations    | 1 2 3 |  3.0
Evocations     | 1 2 |  2.7
Conjurations   | 1 2 |  2.2
Hexes          | 1 2 |  2.2
Summonings     | 1 2 |  2.2
Necromancy     | 1 2 |  2.2
Translocations | 1 2 |  2.2
Transmutations | 1 2 |  2.2
Fire Magic     | 1 2 |  2.2
Air Magic      | 1 2 |  2.2
Earth Magic    | 1 2 |  2.2
Poison Magic   | 1 2 |  2.2
Dodging        | 5 |  5.3
Stealth        | 5 |  5.0
Ice Magic      | |  7.5

Action                   |  1- 3 |  4- 6 |  7- 9 || total
-------------------------+-------+-------+-------++-------
Melee: Unarmed           |     3 |       |       ||     3
       Dagger            |    28 |       |       ||    28
       Hand axe          |     9 |    44 |       ||    53
       Bite              |     2 |     8 |     1 ||    11
       Halberd           |       |    42 |     9 ||    51
 Cast: Freeze            |    19 |    26 |     2 ||    47
       Frozen Ramparts   |     1 |    10 |     4 ||    15
  Use: Scroll            |       |     8 |     1 ||     9
       Potion            |       |     1 |     2 ||     3
 Stab: Sleeping          |     3 |     3 |       ||     6
       Distracted        |     1 |     1 |       ||     2
Armor: Robe              |    18 |    29 |     4 ||    51
Dodge: Dodged            |    90 |   106 |    14 ||   210

Table legend: (Time is in decaauts)
 A = Elapsed time spent in this place.
 B = Non-inter-level travel time spent in this place.
 C = Inter-level travel time spent in this place.
 D = Time resting spent in this place.
 E = Time spent auto-exploring this place.
 F = Levels seen in this place.
 G = Mean time per level.
                   A        B        C        D        E       F      G
               +--------+--------+--------+--------+--------+-----+--------+
         Total |   3626 |   3452 |    174 |    198 |   2567 |   6 |  604.3 |
       Dungeon |   3409 |   3264 |    145 |    198 |   2385 |   5 |  681.8 |
        Temple |    216 |    187 |     29 |      0 |    181 |   1 |  216.0 |
               +--------+--------+--------+--------+--------+-----+--------+

Top non-repeatable levels by time:
     D:2: 1022 daAuts
     D:1: 975 daAuts
     D:4: 662 daAuts
     D:3: 654 daAuts
  Temple: 216 daAuts
     D:5: 95 daAuts
